 Dungeon Crawl Stone Soup version 0.31-a0-971-g75a2e9a4b4 (webtiles) character file.

Game seed: 2672336940230659663

49 Dordric the Changeling (level 3, -6/33 HPs)
             Began as an Ogre Shapeshifter on Oct 28, 2023.
             Mangled by a gnoll
             ... wielding a +0 spear
              (7 damage)
             ... on level 2 of the Dungeon.
             The game lasted 00:00:57 (1302 turns).

Dordric the Changeling (Ogre Shapeshifter)          Turns: 1302, Time: 00:00:58

Health: -6/33      AC:  3    Str: 20    XL:     3   Next: 75%
Magic:  3/3        EV:  9    Int: 11    God:
Gold:   42         SH:  0    Dex:  8    Spells: 2/2 levels left

rFire   . .          .
                       - Unarmed
rCold   . . .        (no shield)
rNeg    . . .        a - +0 animal skin
rPois   .            (helmet currently unavailable)
rElec   .            (cloak currently unavailable)
rCorr   .            (gloves unavailable)
SInv    .            (boots unavailable)
Will    .....        (no amulet)
Stlth   +            (no ring)
HPRegen 0.25/turn    (no ring)
MPRegen 0.08/turn

%: no passive effects
@: beast-form
A: beast (slay +2), large, unfitting armour, tough skin 1
a: Begin Untransformation


You were on level 2 of the Dungeon.
You were a hulking beast.
You visited 1 branch of the dungeon, and saw 2 of its levels.

You collected 42 gold pieces.

Inventory:

Missiles
 e - a throwing net
Armour
 a - a +0 animal skin (worn)
Talismans
 c - a beast talisman
 d - a flux talisman
Scrolls
 g - a scroll of teleportation {unknown}
 i - a scroll of poison {unknown}
 k - a scroll of identify {unknown}
Potions
 b - a potion of lignification
 f - 2 potions of brilliance {unknown}
 h - a potion of haste {unknown}
 j - a potion of enlightenment {unknown}
 l - a potion of curing {unknown}


   Skills:
 - Level 1.3 Fighting
 - Level 1.7 Dodging
 - Level 2.6 Unarmed Combat
 + Level 4.3 Shapeshifting


You had 2 spell levels left.
You didn't know any spells.
Your spell library was empty.

Dungeon Overview and Level Annotations

Branches:
Dungeon (2/15)

Altars:


Innate Abilities, Weirdness & Mutations

You are a hulking beast.
Your limbs bulge with bestial killing power. (Slay +2)
You are too large for most types of armour.
You have tough skin. (AC +1)


Message History

There is an escape hatch in the ceiling here.
Found a stone staircase leading down.
No target in view!
There is a stone staircase leading down here.
There is a stone staircase leading down here.
There is an open door here.
You open the door.
There is an open door here.
Found a stone staircase leading down.
You open the door. 4 gnolls come into view.
The gnoll shouts! x3; You hear an angry hiss.
A ball python comes into view.
Found 9 gold pieces and a scroll labelled ONOUFR JOQIGIM.
There are monsters nearby!
There are monsters nearby!
Found a blade talisman.
The gnoll barely misses you. The gnoll completely misses you.
The gnoll barely misses you.
There is an open door here.
The gnoll closely misses you. The gnoll attacks as it pursues you!
The gnoll hits you from afar with a +0 spear.
You hit the gnoll.
The gnoll is heavily wounded.
The gnoll hits you but does no damage. The gnoll hits you with a +0 club.
You completely miss the gnoll.
The gnoll is heavily wounded.
The gnoll hits you from afar with a +0 spear.
The gnoll closely misses you.
You punch the gnoll!
You kill the gnoll!
The gnoll hits you from afar with a +0 spear!
The gnoll hits you from afar with a +0 halberd!
* * * LOW HITPOINT WARNING * * *
The gnoll completely misses you. The gnoll barely misses you.
You see here a +0 club.
You hit the gnoll.
The gnoll is moderately wounded.
The gnoll hits you but does no damage. The gnoll closely misses you.
The gnoll hits you with a +0 spear!
You die...

# # ### # #. ..# ##'# #.#
#...# #.# ....?# ### #.#
......# ##.###.# #
......S####...##.########
......ggh................
......g####...##.########
%.....# ##.###.# #...
.....# ### #.# #.## #...#
#.# #.# ##'# #.# #.# #.
..# #.# # .## #.## > #...


You could see 3 gnolls and a ball python.

Vanquished Creatures
  A gnoll (D:2)
  A dart slug (D:1)
  2 ball pythons (D:1)
  4 endoplasms
  A giant cockroach (D:1)
  A hobgoblin (D:1)
  4 jackals (D:2)
  4 quokkas (D:1)
  2 bats (D:1)
  2 frilled lizards (D:1)
  6 goblins
  2 kobolds (D:1)
  2 rats (D:1)
32 creatures vanquished.

Notes
Turn   | Place    | Note
-------+----------+-------------------------------------------
     0 | D:1      | Dordric the Ogre Shapeshifter began the quest for the Orb.
     0 | D:1      | Reached XP level 1. HP: 19/19 MP: 1/1
   156 | D:1      | Reached XP level 2. HP: 23/27 MP: 2/2
   698 | D:1      | Reached XP level 3. HP: 33/33 MP: 3/3
   727 | D:1      | Reached skill level 4 in Shapeshifting
  1035 | D:2      | Identified the of Vexan
  1301 | D:2      | HP: 1/33 [gnoll/+0 halberd (12)]
  1302 | D:2      | Mangled by a gnoll

Illustrated notes

Levels and vault maps discovered:
D:1:      zelgadis_glass_arrival_small, layout_basic
D:2:      layout_loops_corners, minmay_pentomino_pile, uniq_terence

Skill      XL: |  1  2  3 |
---------------+----------+-----
Shapeshifting  | 4 |  4.3
Fighting       | |  1.3
Dodging        | |  1.7
Unarmed Combat | |  2.6

Action                     || total
---------------------------++-------
  Melee: Unarmed           ||   104
         Punch             ||     1
   Stab: Sleeping          ||     2
 Armour: Animal skin       ||    66
  Dodge: Dodged            ||    54

Table legend: (Time is in decaauts)
 A = Elapsed time spent in this place.
 B = Non-inter-level travel time spent in this place.
 C = Inter-level travel time spent in this place.
 D = Time resting spent in this place.
 E = Time spent auto-exploring this place.
 F = Levels seen in this place.
 G = Mean time per level.
                   A        B        C        D        E       F      G
               +--------+--------+--------+--------+--------+-----+--------+
         Total |   1296 |   1284 |     12 |      0 |   1097 |   2 |  648.0 |
       Dungeon |   1296 |   1284 |     12 |      0 |   1097 |   2 |  648.0 |
               +--------+--------+--------+--------+--------+-----+--------+

Top non-repeatable levels by time:
     D:1: 1031 daAuts
     D:2: 265 daAuts
